 Dungeon Crawl Stone Soup version 0.26-a0-638-gcca6ad1b57 (webtiles) character file.

Game seed: 7953916408135182492

566 DogServant the Ruffian (level 7, -1/58 HPs)
             Began as a White Draconian Transmuter on Sept 14, 2020.
             Slain by a human zombie (5 damage)
             ... in an ossuary.
             The game lasted 00:12:13 (4166 turns).

DogServant the Ruffian (White Draconian Transmuter) Turns: 4166, Time: 00:12:13

Health: -1/58      AC:  6    Str: 14 (15) XL:     7   Next: 10%
Magic:  10/10      EV: 13    Int:  6 (9)  God:
Gold:   198        SH:  0    Dex:  8 (11) Spells: 7/10 levels left

rFire    . . .     SeeInvis +     - Unarmed
rCold    + . .     Faith    .   (no shield)
rNeg     . . .     Spirit   .   (armour unavailable)
rPois    .         Reflect  .   (helmet currently unavailable)
rElec    .         Harm     .   (no cloak)
rCorr    .         Rampage  .   (no gloves)
MR       .....                  (boots currently unavailable)
Stlth    +.........             (no amulet)
HPRegen  0.19/turn              d - -4 ring of intelligence
MPRegen  0.12/turn              e - ring of see invisible

@: brilliant, appendages (expiring)
A: breathe frost, unfitting armour, horns 2, talons 2, cold resistance 1,
cold-blooded, AC +6
a: Breathe Frost, End Transformation


You were in an ossuary.
You had grown temporary horns.
You had grown temporary talons.
You visited 1 branch of the dungeon, and saw 4 of its levels.
You also visited: Sewer and Ossuary.

You collected 198 gold pieces.

Inventory:

Jewellery
 d - a -4 ring of intelligence (left hand)
 e - a ring of see invisible (right hand)
Scrolls
 b - a scroll of remove curse
 f - 3 scrolls of magic mapping
 n - 2 scrolls of teleportation
Potions
 g - a potion of haste
 i - 2 potions of curing
 j - a potion of invisibility {unknown}
 k - 2 potions of might
 l - a potion of flight


   Skills:
 + Level 3.6 Fighting
 + Level 3.4 Dodging
 * Level 5.7 Unarmed Combat
 - Level 2.0 Spellcasting
 + Level 3.9 Transmutations


You had 7 spell levels left.
You knew the following spells:

 Your Spells              Type           Power        Failure   Level
a - Beastly Appendage     Tmut           #.....       9%          1
b - Wereblood             Tmut           #.......     12%         2

Your spell library contained the following spells:

 Spells                   Type           Power        Failure   Level
 Spider Form              Tmut/Pois      #.........   50%         3
 Ice Form                 Ice/Tmut       #.......     88%         4
 Blade Hands              Tmut           #.........   92%         5


Dungeon Overview and Level Annotations

Branches:
Dungeon (4/15)              Sewer (visited)         Ossuary (1/1)
 Temple: D:4-7

Altars:
Cheibriados
Wu Jian


Innate Abilities, Weirdness & Mutations

You can breathe waves of freezing cold.
You can buffet flying creatures when you breathe cold.
Your icy white scales are hard. (AC +6)
You cannot fit into any form of body armour.
Your flesh is cold resistant. (rC+)
You are cold-blooded and may be slowed by cold attacks.
You have a pair of horns on your head.
You have razor-sharp toenails.


Message History

You barely miss the human zombie. You claw the human zombie.
The human zombie is lightly damaged.
You punch the human zombie! You claw the human zombie!
Your headbutt misses the human zombie.
The human zombie is moderately damaged.
The human zombie hits you but does no damage.
You feel better. The human zombie hits you!
* * * LOW HITPOINT WARNING * * *
Okay, then.
Okay, then.
You are too injured to fight recklessly!
It was a potion of brilliance.
You feel clever all of a sudden. The human zombie closely misses you.
It was a potion of magic.
Magic courses through your body.
It was a potion of degeneration.
There was something very wrong with that liquid.
You feel weakened.
You feel dopey.
You feel clumsy. The human zombie hits you.
You die...

######################
#....................#
#....................#
#........8..8........#
#....................#
#...######..######...#
#...#....#^.# #...#
#...#@# #..# #...#
#...#Z####..####Z#...#
#...#ZZ......Z.Z.#...#
#...#ZZZ....####.#...#
#...#.......# #...#
#...#.......# #...#
#...#.....∩.# #...#
#...####+..... #...#
#...# #...### #...#


You could see a goblin zombie, 2 hobgoblin zombies, an orc zombie, an elf zombie
and a human zombie.

Vanquished Creatures
  2 big kobolds (Sewer)
  A howler monkey (D:4)
  3 centaur zombies (Ossuary)
  An orc priest (D:3)
  An orc wizard (D:3)
  3 mummies
  Robin (D:2)
  6 adders
  3 oozes (Sewer)
  An adder zombie (Ossuary)
  5 worms
  A dart slug (D:2)
  A leopard gecko (D:3)
  6 orcs (D:3)
  5 ball pythons
  13 bats
  3 giant cockroaches (D:3)
  11 goblins
  3 hobgoblins
  7 jackals
  A quokka (D:2)
  5 frilled lizards
  3 goblin zombies (Ossuary)
  10 hobgoblin zombies (Ossuary)
  8 kobolds
  3 kobold zombies (Ossuary)
  8 orc zombies (Ossuary)
  9 rats
124 creatures vanquished.

Notes
Turn   | Place    | Note
-------+----------+-------------------------------------------
     0 | D:1      | DogServant the Draconian Transmuter began the quest for the
                  | Orb.
     0 | D:1      | Reached XP level 1. HP: 16/16 MP: 3/3
   380 | D:1      | Reached XP level 2. HP: 22/23 MP: 3/5
   763 | D:2      | Noticed Robin
   777 | D:1      | Reached XP level 3. HP: 8/29 MP: 6/6
  1154 | D:2      | Found a faded altar of an unknown god.
  1685 | D:2      | Killed Robin
  1685 | D:2      | Reached XP level 4. HP: 26/36 MP: 7/7
  1778 | D:2      | Found an ornate altar of the Wu Jian Council.
  1969 | D:3      | Reached skill level 4 in Unarmed Combat
  2288 | D:3      | Found a glowing drain.
  2395 | Sewer    | Entered a sewer
  2403 | Sewer    | Reached XP level 5. HP: 42/42 MP: 6/8
  2918 | Sewer    | Learned a level 2 spell: Wereblood
  2960 | Sewer    | Reached skill level 5 in Unarmed Combat
  2960 | Sewer    | Reached XP level 6. HP: 37/51 MP: 7/9
  3639 | D:3      | Found a snail-covered altar of Cheibriados.
  3856 | D:4      | Found a sand-covered staircase.
  3860 | Ossuary  | Entered an ossuary
  4143 | Ossuary  | Your scales start taking on an icy white colour.
  4143 | Ossuary  | Reached XP level 7. HP: 12/57 MP: 6/10
  4143 | Ossuary  | Gained mutation: Your flesh is cold resistant. (rC+) [White
                  | Draconian growth]
  4166 | Ossuary  | Slain by a human zombie

Illustrated notes

Levels and vault maps discovered:
D:1:      tarquinn_simple_flora_water_f, layout_rooms
D:2:      layout_rooms, nicolae_overflow_crystal_walls,
          chequers_ecumenical_altar_simple_redux, uniq_robin
D:3:      layout_rooms, cheibriados_altar_1, portal_sewer_entry_b,
          chequers_serial_rivers_room_a, minmay_between
D:4:      layout_basic, grunt_dithmenos_smoke_and_mirrors,
          nicolae_ossuary_entry_giza, minmay_box_of_dots
Ossuary:  ossuary_tomb_1

Skill      XL: |  1  2  3  4  5 |
---------------+----------------+-----
Dodging        | 2 3 |  3.4
Fighting       | 2 3 |  3.6
Unarmed Combat | 4 5 |  5.7
Transmutations | 3 |  3.9
Spellcasting   | |  2.0

Action                   |  1- 3 |  4- 6 |  7- 9 || total
-------------------------+-------+-------+-------++-------
Melee: Unarmed           |   118 |   253 |    16 ||   387
       Headbutt          |    10 |    37 |     3 ||    50
       Kick              |    15 |    47 |     4 ||    66
       Tailslap          |    10 |    12 |     3 ||    25
       Punch             |     2 |     3 |       ||     5
 Cast: Beastly Appendage |    25 |    28 |     1 ||    54
       Wereblood         |       |     1 |       ||     1
  Use: Scroll            |       |    12 |       ||    12
       Potion            |       |       |     4 ||     4
 Stab: Sleeping          |       |     1 |       ||     1
Armor: Skin              |    44 |    82 |     4 ||   130
Dodge: Dodged            |   100 |   171 |     5 ||   276

Table legend: (Time is in decaauts)
 A = Elapsed time spent in this place.
 B = Non-inter-level travel time spent in this place.
 C = Inter-level travel time spent in this place.
 D = Time resting spent in this place.
 E = Time spent auto-exploring this place.
 F = Levels seen in this place.
 G = Mean time per level.
                   A        B        C        D        E       F      G
               +--------+--------+--------+--------+--------+-----+--------+
         Total |   4189 |   4040 |    149 |    942 |   2269 |   6 |  698.2 |
       Dungeon |   3084 |   2935 |    149 |    569 |   1868 |   4 |  771.0 |
         Sewer |    807 |    807 |      0 |    251 |    347 |   1 |  807.0 |
       Ossuary |    297 |    297 |      0 |    122 |     53 |   1 |  297.0 |
               +--------+--------+--------+--------+--------+-----+--------+

Top non-repeatable levels by time:
     D:1: 1302 daAuts
     D:3: 1028 daAuts
   Sewer: 807 daAuts
     D:2: 656 daAuts
 Ossuary: 297 daAuts
     D:4: 97 daAuts
